AoeStats
← Master_Keef

Four Lakes

507358588Analyzed
1v1 RM · 15d ago on Sep 17, 2026· 58m 11s· 2 players
Game mode
Random Map
Map size
Tiny (2 player)
Population
200
Speed
Normal
Resources
Standard
Victory
Conquest
Starting age
Dark Age
Ending age
Imperial Age
RankedLock teamsTeams togetherTeam positionsShared explorationLock speedFull tech treeHidden civsTurbo modeCheats
Victory
Defeat
🇨🇱 Spanish · Chile
757
+18
🇺🇸 Celts · United States
792
-18
alenogo
10:31 Feudal Age
11:05 Double-Bit Axe
13:47 Fishing Lines
20:44 Castle Age
19:51 Stone Mining
19:52 Gold Mining
19:48 Horse Collar
20:22 Bloodlines
23:09 Scale Barding Armor
23:07 Husbandry
24:34 Wheelbarrow
25:33 Chain Barding Armor
26:03 Bow Saw
26:08 Loom
35:03 Forging
44:19 Iron Casting
46:31 Hand Cart
50:10 Ballistics
49:46 Murder Holes
56:11 Imperial Age
56:16 Capped Ram
56:40 Elite Conquistador
56:55 Elite Conquistador
Master_Keef
11:25 Feudal Age
9:40 Loom
11:56 Double-Bit Axe
13:18 Fishing Lines
17:00 Wheelbarrow
19:21 Castle Age
17:23 Gold Mining
17:48 Forging
18:01 Arson
20:24 Gillnets
20:55 Pikeman
21:49 Town Watch
23:40 Iron Casting
23:05 Scale Mail Armor
28:31 Hand Cart
36:17 Imperial Age
44:24 Bow Saw
47:32 Chain Mail Armor
47:37 Fletching
Connection lost

Rejoining the realm…

Still unreachable

The connection could not be restored.

Session expired

The server has moved on; the page needs a fresh start.